 Dungeon Crawl Stone Soup version 0.27.0-1-g7a089689b8 (webtiles) character file.

Game seed: 18340815332048393136

8820 mhtbhm the Spear-Bearer (level 11, -6/148 HPs)
             Began as a Minotaur Berserker on Aug 8, 2021.
             Was a High Priest of Trog.
             Mangled by a skeletal warrior (9 damage)
             ... led by a death knight
             ... on level 12 of the Dungeon.
             The game lasted 00:14:27 (10080 turns).

mhtbhm the Spear-Bearer (Minotaur Berserker)       Turns: 10080, Time: 00:14:28

Health: -6/148     AC: 16    Str: 24    XL:     11   Next: 14%
Magic:  6/6        EV: 10    Int:  4    God:    Trog [*****.]
Gold:   178        SH:  0    Dex: 15    Spells: 10/10 levels left

rFire    + . .     SeeInvis .   a - +5 glaive (antimagic)
rCold    . . .     Faith    .   (shield currently unavailable)
rNeg     + + .     Spirit   .   b - +1 chain mail
rPois    .         Reflect  .   (helmet restricted)
rElec    .         Harm     .   (no cloak)
rCorr    .         Rampage  .   x - +2 pair of gloves of Negation {rN++ Dex+4}
Will     +....                  (no boots)
Stlth    ..........             (no amulet)
HPRegen  0.34/turn              d - ring of willpower
MPRegen  0.10/turn              B - ring of Altruism {rF+ MP+9 Stlth+}

@: berserking, very quick
A: horns 2, retaliatory headbutt
a: Renounce Religion, Berserk, Trog's Hand, Brothers in Arms


You were on level 12 of the Dungeon.
You worshipped Trog.
Trog was extremely pleased with you.
You visited 1 branch of the dungeon, and saw 11 of its levels.
You also visited: Sewer.

You collected 388 gold pieces.
You spent 210 gold pieces at shops.

Inventory:

Hand Weapons
 a - a +5 antimagic glaive (weapon)
Missiles
 A - 2 throwing nets (quivered)
 F - 3 silver boomerangs
Armour
 b - a +1 chain mail (worn)
 x - the +2 pair of gloves of Negation (worn) {rN++ Dex+4}
   (You found it on level 6 of the Dungeon)

   Dex:       It affects your dexterity (+4).
   rN:        It greatly protects you from negative energy.
Jewellery
 d - a ring of willpower (left hand)
 h - a ring of protection from cold
 t - a ring of see invisible
 v - a ring of fire
 B - the ring of Altruism (right hand) {rF+ MP+9 Stlth+}
   (You bought it in a shop on level 6 of the Dungeon)

   [ring of protection from fire]

   rF:        It protects you from fire.
   MP:        It affects your magic capacity (+9).
   Stlth:     It makes you more stealthy.
 H - a ring of protection from fire
Wands
 w - a wand of mindburst (28)
 y - a wand of charming (4)
 C - a wand of acid (13)
Scrolls
 c - 3 scrolls of enchant armour
 e - a scroll of enchant weapon
 g - a scroll of magic mapping
 i - 2 scrolls of summoning
 u - 3 scrolls of fog
 z - a scroll of teleportation {unknown}
 E - a scroll of vulnerability {unknown}
 G - a scroll of blinking {unknown}
Potions
 f - 2 potions of flight {unknown}
 j - a potion of ambrosia {unknown}
 k - 2 potions of haste
 l - a potion of degeneration {unknown}
 n - a potion of invisibility {unknown}
 o - 2 potions of might {unknown}
 q - a potion of resistance {unknown}
 r - 2 potions of attraction {unknown}
 s - a potion of mutation {unknown}
 D - a potion of cancellation {unknown}
Miscellaneous
 m - a condenser vane


   Skills:
 + Level 10.0 Fighting
 + Level 13.5 Polearms
 + Level 11.9 Armour
 + Level 3.8 Dodging
 + Level 1.2 Stealth
 + Level 0.6 Evocations


You had 10 spell levels left.
You didn't know any spells.
Your spell library was empty.

Dungeon Overview and Level Annotations

Branches:
Dungeon (10/15)            Temple (0/1) D:5            Lair (0/6) D:9
  Sewer (visited)
    Orc: D:9-12

Altars:
Hepliaklqana
Kikubaaqudgha
Makhleb
Nemelex Xobeh
Okawaru
Ru
Sif Muna
Trog
Uskayaw
Vehumet

Shops:
D:2 *   D:6 *   D:9 :[*:


Innate Abilities, Weirdness & Mutations

You have a pair of horns on your head.
You reflexively headbutt those who attack you in melee.


Message History

You are too injured to fight recklessly!
You are too injured to fight recklessly!
You are too injured to fight recklessly!
You are too injured to fight recklessly!
You are too injured to fight recklessly!
You are too injured to fight recklessly!
You are too injured to fight recklessly!
You are too injured to fight recklessly!
You are too injured to fight recklessly!
You are too injured to fight recklessly!
You are too injured to fight recklessly!
You are too injured to fight recklessly!
A red film seems to cover your vision as you go berserk!
You feel yourself moving faster!
You feel mighty! The skeletal warrior misses you.
You barely miss the skeletal warrior.
The skeletal warrior is severely damaged.
The skeletal warrior hits you but does no damage.
Space warps horribly around you!
* * * LOW HITPOINT WARNING * * *
You closely miss the skeletal warrior.
The skeletal warrior is severely damaged.
The skeletal warrior hits you with a +3 hand axe of distortion!
* * * LOW HITPOINT WARNING * * *
Space bends around you.
* * * LOW HITPOINT WARNING * * *
You barely miss the skeletal warrior.
Your headbutt misses the skeletal warrior.
The skeletal warrior is severely damaged.
You slash the skeletal warrior!
The skeletal warrior is severely damaged.
The skeletal warrior hits you with a +3 hand axe of distortion.
* * * LOW HITPOINT WARNING * * *
Space warps horribly around you!
* * * LOW HITPOINT WARNING * * *
You hit the skeletal warrior but do no damage.
You headbutt the skeletal warrior.
The skeletal warrior is almost destroyed.
The skeletal warrior hits you with a +3 hand axe of distortion!
You die...

#.# #.# ##.#
#..###
##....#####
#..)_.....#
#.).......#
#....z....#####
#>....@.......#
#)........###.
#.........#
###########


You could see a skeletal warrior.

Vanquished Creatures
  Harold (D:8)
  A two-headed ogre (D:9)
  A deep elf pyromancer (D:9)
  A deep elf zephyrmancer (D:7)
  A gargoyle (D:12)
  An unseen horror (D:12)
  A komodo dragon (D:9)
  2 trolls
  Prince Ribbit (D:6)
  A shadow (D:10)
  A redback (D:12)
  5 wyverns
  A wraith (D:9)
  A basilisk (D:9)
  A steam dragon (D:8)
  2 vampire mosquitoes (D:10)
  An acid dragon (D:9)
  3 ice beasts
  3 water moccasins
  2 sky beasts
  A necrophage (D:5)
  4 centaurs
  A kobold brigand (D:9)
  3 bullfrogs
  A gnoll sergeant (D:7)
  A wyvern zombie (D:9)
  2 scorpions
  2 wyvern skeletons
  4 killer bees (D:9)
  5 howler monkeys
  A wight (D:9)
  3 centaur zombies
  2 jellies
  A hound (D:6)
  3 orc priests (D:7)
  2 centaur skeletons
  A bullfrog skeleton (D:6)
  2 gnoll shamans (D:6)
  Natasha (thrice) (D:3)
  An iguana (D:5)
  12 orc wizards
  3 howler monkey zombies
  11 gnolls
  2 howler monkey skeletons
  8 adders
  3 white imps
  An ufetubus (D:4)
  2 worms
  3 dart slugs
  20 orcs
  4 endoplasms
  10 giant cockroaches
  7 goblins
  12 hobgoblins
  19 jackals
  11 kobolds
  A quokka (D:1)
  5 ball pythons
  5 bats
  10 frilled lizards
  A jackal skeleton (D:4)
  5 rats
229 creatures vanquished.

Vanquished Creatures (others)
  8 plants (Sewer)
8 creatures vanquished.

Grand Total: 237 creatures vanquished

Notes
Turn   | Place    | Note
-------+----------+-------------------------------------------
     0 | D:1      | mhtbhm the Minotaur Berserker began the quest for the Orb.
     0 | D:1      | Reached XP level 1. HP: 19/19 MP: 0/0
   181 | D:1      | Reached skill level 4 in Polearms
   181 | D:1      | Reached XP level 2. HP: 27/27 MP: 1/1
   487 | D:2      | Found Icepif's General Store.
   594 | D:2      | Reached XP level 3. HP: 31/33 MP: 2/2
   732 | D:2      | Reached ** piety under Trog
  1016 | D:2      | Found a faded altar of an unknown god.
  1036 | D:2      | Reached skill level 5 in Polearms
  1039 | D:2      | Reached XP level 4. HP: 37/40 MP: 3/3
  1820 | D:3      | Found a glowing drain.
  1855 | Sewer    | Entered a sewer
  1881 | Sewer    | Reached *** piety under Trog
  1902 | Sewer    | Reached XP level 5. HP: 47/47 MP: 4/4
  2490 | D:3      | Noticed a sky beast
  2494 | D:3      | Killed a sky beast
  2495 | D:3      | Reached skill level 5 in Fighting
  2495 | D:3      | Reached skill level 6 in Polearms
  2674 | D:3      | Found a shimmering blue altar of Sif Muna.
  2674 | D:3      | Noticed Natasha
  2679 | D:3      | Killed Natasha
  2680 | D:3      | Reached XP level 6. HP: 56/56 MP: 5/5
  2826 | D:3      | Noticed Natasha
  2833 | D:3      | Killed Natasha
  2842 | D:3      | Noticed Natasha
  2846 | D:3      | Killed Natasha
  3135 | D:4      | Found a bloodstained altar of Trog.
  3291 | D:4      | Found a hide-covered altar of Uskayaw.
  3694 | D:4      | Found a radiant altar of Vehumet.
  3694 | D:4      | Found a burning altar of Makhleb.
  3694 | D:4      | Found an ancient bone altar of Kikubaaqudgha.
  3755 | D:5      | Entered Level 5 of the Dungeon
  3755 | D:5      | Noticed a water moccasin
  3768 | D:5      | Reached skill level 7 in Polearms
  3771 | D:5      | Killed a water moccasin
  3772 | D:5      | Reached XP level 7. HP: 62/62 MP: 6/6
  3778 | D:5      | Reached skill level 5 in Armour
  4051 | D:5      | Reached skill level 8 in Polearms
  4222 | D:5      | Reached **** piety under Trog
  4223 | D:5      | Found an iron altar of Okawaru.
  4265 | D:5      | Found a staircase to the Ecumenical Temple.
  4487 | D:6      | Reached XP level 8. HP: 71/71 MP: 7/7
  4532 | D:6      | Identified the +2 pair of gloves of Negation {rN++ Dex+4}
  4572 | D:6      | Reached skill level 9 in Polearms
  4712 | D:6      | Noticed Prince Ribbit
  4735 | D:6      | Killed Prince Ribbit
  5021 | D:6      | Found Boohyhoc's Assorted Antiques.
  5387 | D:7      | Noticed a troll
  5391 | D:6      | Bought a smoking platinum ring for 160 gold pieces
  5391 | D:6      | Identified the ring of Altruism {rF+ MP+9 Stlth+} (You
                  | bought it in a shop on level 6 of the Dungeon)
  5461 | D:7      | Reached skill level 10 in Polearms
  5474 | D:7      | Killed a troll
  5753 | D:7      | Reached XP level 9. HP: 22/79 MP: 8/8
  6182 | D:7      | Noticed a deep elf zephyrmancer
  6189 | D:7      | Killed a deep elf zephyrmancer
  6190 | D:7      | Reached skill level 11 in Polearms
  6425 | D:7      | Found a sparkling altar of Nemelex Xobeh.
  6534 | D:7      | Found a sacrificial altar of Ru.
  6766 | D:8      | Reached ***** piety under Trog
  7174 | D:8      | Noticed Harold
  7188 | D:8      | Killed Harold
  7189 | D:8      | Reached XP level 10. HP: 59/90 MP: 9/9
  7192 | D:8      | Reached skill level 10 in Armour
  7333 | D:8      | Reached skill level 12 in Polearms
  7785 | D:9      | Found Akudiut's Antique Armour Boutique.
  7785 | D:9      | Found Aptuov's Book Shoppe.
  8098 | D:9      | Found Heta Fiy's Book Shoppe.
  8207 | D:9      | Found Lowahin's Assorted Antiques.
  8213 | D:9      | Bought a scroll of identify for 50 gold pieces
  8528 | D:9      | Noticed a deep elf pyromancer
  8528 | D:9      | Noticed a two-headed ogre
  8534 | D:9      | Killed a deep elf pyromancer
  8535 | D:9      | Reached skill level 1 in Stealth
  8541 | D:9      | Killed a two-headed ogre
  8910 | D:9      | Reached skill level 13 in Polearms
  9503 | D:9      | Found a staircase to the Lair.
  9634 | D:10     | Entered Level 10 of the Dungeon
  9771 | D:10     | Reached XP level 11. HP: 91/99 MP: 10/10
  9872 | D:10     | You fall into a shaft and drop 2 floors!
  9872 | D:12     | Found a hazy altar of Hepliaklqana.
  9879 | D:12     | Received a gift from Trog
 10054 | D:12     | Noticed a skeletal warrior
 10068 | D:12     | Reached skill level 10 in Fighting
 10079 | D:12     | HP: 3/148 [skeletal warrior[a death knight] (14)]
 10080 | D:12     | Mangled by a skeletal warrior

Illustrated notes

Levels and vault maps discovered:
D:1:      dpeg_arrival_stonehenge_12_columns, layout_rooms
D:2:      minmay_inner_zag, layout_basic, serial_shops, nicolae_shop_waterfront,
          ebering_ecumenical_altar_hall, grunt_ministairs_2
D:3:      layout_basic, nicolae_sif_muna_little_library, gup_sewer_entry_glass,
          uniq_natasha
D:4:      layout_rooms, lemuel_coloured_pillars_altar, lemuel_round_altar,
          gammafunk_temple_overflow_claw
D:5:      layout_rooms, okawaru_altar_gauntlet_db, minmay_temple_entry_trees
D:6:      layout_rooms, serial_shops, nicolae_stop_n_shop_2,
          supply_closet_lemuel, ebering_dispersal_statue_hall,
          uniq_prince_ribbit1
D:7:      layout_rooms, nicolae_ru_great_annihilating_truth,
          nemelex_spade_bored_becter, serial_glass, glass_columns_a,
          glass_columns_a, glass_columns_b, glass_columns_b, glass_columns_b,
          glass_columns_b, glass_columns_b, glass_columns_c, glass_columns_b,
          glass_columns_b, guppyfry_early_elven_hall
D:8:      layout_cave_pods, uniq_harold
D:9:      minmay_octagon_keep, layout_basic, erik_lair_dragon, serial_shops,
          nicolae_shop_stone, nicolae_stop_n_shop_1, nicolae_take_the_stairs,
          nicolae_shop_waterfront
D:10:     layout_irregular_city, fedhas_altar_2,
          nicolae_dithmenos_through_a_glass_darkly, zin_purify
D:12:     layout_roguey, orc_0_dummy, serial_shops, shop,
          hangedman_feature_mirror

Skill      XL: |  1  2  3  4  5  6  7  8  9 10 11 |
---------------+----------------------------------+-----
Polearms       | 4 5 6 7 8 10 11 13 | 13.5
Fighting       | 4 5 6 7 8 9 10 | 10.0
Armour         | 3 4 5 7 9 11 | 11.9
Dodging        | 3 |  3.8
Stealth        | 1 |  1.2
Evocations     | |  0.6

Action                   |  1- 3 |  4- 6 |  7- 9 | 10-12 || total
-------------------------+-------+-------+-------+-------++-------
Melee: Spear             |   118 |   210 |   272 |       ||   600
       Headbutt          |     9 |    33 |    65 |    49 ||   156
       Trident           |       |       |    32 |   170 ||   202
       Glaive            |       |       |       |    17 ||    17
Invok: Berserk           |       |     4 |     7 |     3 ||    14
Evoke: Wand              |       |       |     1 |     4 ||     5
  Use: Scroll            |     1 |     5 |     2 |     3 ||    11
       Potion            |       |       |     2 |     2 ||     4
Armor: Chain mail        |    52 |    70 |   100 |    71 ||   293
Dodge: Dodged            |    40 |    58 |    64 |    82 ||   244
